 Dungeon Crawl Stone Soup version 0.19.1-1-g22dce08 (webtiles) character file.

436 Alarkh the Chopper (level 6, -1/47 HPs)
             Began as a Demonspawn Monk on Jan 7, 2017.
             Killed by nerve-wracking pain
             ... invoked by an orc priest
              (14 damage)
             ... on level 4 of the Dungeon.
             The game lasted 00:04:49 (3442 turns).

Alarkh the Chopper (Demonspawn Monk)                Turns: 3442, Time: 00:04:50

Health: -1/47      AC: 12    Str: 11    XL:     6   Next: 69%
Magic:  6/6        EV: 18    Int: 13    God:
Gold:   347        SH:  0    Dex: 21    Spells: 0 memorised, 5 levels left

rFire  . . .     SeeInvis .     a - +0 hand axe
rCold  . . .     Gourm    .     w - +0 troll leather armour {Purgy}
rNeg   . . .     Faith    .     (no shield)
rPois  .         Spirit   .     v - +1 hat
rElec  .         Reflect  .     j - +2 cloak
rCorr  .         Harm     .     (no gloves)
MR     .....                    g - +0 pair of boots
Stlth  +++.......               (no amulet)
                                (no ring)
                                (no ring)

@: agile
A: molten scales 2, spiny 2
a: no special abilities


You were on level 4 of the Dungeon.
You were hungry.

You visited 1 branch of the dungeon, and saw 4 of its levels.
You also visited: Sewer.

You collected 347 gold pieces.

Inventory:

Hand Weapons
 a - a +0 hand axe (weapon)
Armour
 b - a +0 robe
 g - a +0 pair of boots (worn)
 j - a +2 cloak (worn)
 v - a +1 hat (worn)
 w - a +0 troll leather armour (worn) {Purgy}
 y - the +1 chain mail of Pride {Int+4}
   (You found it in a sewer)

   It affects your intelligence (+4).
 z - the +1 robe "Dain" {rC+ Int+4}
   (You found it in a sewer)

   It affects your intelligence (+4).
   It protects you from cold.
Jewellery
 h - an uncursed ring of ice
Scrolls
 d - a scroll of remove curse
 e - a scroll of identify
 k - a scroll of random uselessness
 m - a scroll of teleportation
 n - a scroll of fear
 r - a scroll of immolation {unknown}
 t - a scroll of magic mapping {unknown}
 x - a scroll of blinking
Potions
 i - a potion of resistance
 s - 2 potions of mutation
Comestibles
 c - a bread ration
 f - 7 chunks of flesh
 l - 2 meat rations
 o - a slice of pizza
 q - 3 beef jerkies
 u - 3 fruits


   Skills:
 - Level 3.0 Fighting
 + Level 7.0 Axes
 - Level 2.6 Dodging
 - Level 1.7 Stealth


You had 5 spell levels left.
You didn't know any spells.

Dungeon Overview and Level Annotations

Branches:
Dungeon (4/15)
 Temple: D:4-7

Altars:
Nemelex Xobeh
Okawaru
Sif Muna


Innate Abilities, Weirdness & Mutations

You are mostly covered in molten scales. (AC +3)
You are mostly covered in sharp spines.


Message History

* * * LOW HITPOINT WARNING * * *
The orc priest barely misses you.
You hit the orc priest.
You kill the orc priest!
Your Axes skill increases to level 7!
You hit the orc but do no damage.
You hit the orc priest but do no damage.
The orc misses you.
The orc priest splashes around in the water.
You hit the orc priest but do no damage.
The orc priest is severely wounded.
You barely miss the orc. The orc is struck by your spines.
You kill the orc!
You hear a splash. x2
Unknown command.
You hit the orc priest but do no damage.
The orc priest is severely wounded.
The orc priest calls down the wrath of Beogh upon you.
Pain shoots through your body!
You die...

#...##...........#
##..##...#.......#
#....#...#..##...#
#...)#...#..###..#
#....#...#...# #+# #
##...+...#...#≈≈.≈≈#
##..######..##≈#.#≈#
##..##..##...+.._..+
.............#≈#@#≈#
.............#≈o.)≈#
############.###[###
#.....# #######


You could see an orc priest.

Vanquished Creatures
  Purgy (Sewer)
  2 orc priests (D:4)
  Crazy Yiuf (D:3)
  An iguana (D:4)
  A worker ant (D:4)
  An orc wizard (D:4)
  2 gnolls (D:3)
  6 adders
  2 worms
  A dart slug (D:1)
  4 leopard geckos
  An orc (D:4)
  9 giant cockroaches
  4 hobgoblins
  13 jackals
  10 kobolds
  2 ball pythons
  10 bats
  6 frilled lizards
  11 goblins
  7 rats
95 creatures vanquished.

Vanquished Creatures (others)
  3 fungi (D:3)
3 creatures vanquished.

Grand Total: 98 creatures vanquished

Notes
Turn   | Place    | Note
-------+----------+-------------------------------------------
     0 | D:1      | Alarkh the Demonspawn Monk began the quest for the Orb.
     0 | D:1      | Reached XP level 1. HP: 18/18 MP: 1/1
    36 | D:1      | Reached skill level 3 in Axes
   228 | D:1      | Gained mutation: You are partially covered in molten scales. (AC +2) [demonic ancestry]
   228 | D:1      | Reached XP level 2. HP: 21/24 MP: 2/2
   503 | D:1      | Gained mutation: You are partially covered in sharp spines. [demonic ancestry]
   503 | D:1      | Reached XP level 3. HP: 23/29 MP: 3/3
   699 | D:1      | Found a sparkling altar of Nemelex Xobeh.
   889 | D:2      | Reached skill level 4 in Axes
   957 | D:2      | You fall through a shaft!
  1380 | D:3      | Reached XP level 4. HP: 21/35 MP: 4/4
  2018 | D:3      | Found a runed door.
  2274 | D:3      | Reached skill level 5 in Axes
  2341 | D:3      | Noticed Crazy Yiuf
  2353 | D:3      | Killed Crazy Yiuf
  2353 | D:3      | Gained mutation: You are mostly covered in sharp spines. [demonic ancestry]
  2353 | D:3      | Reached XP level 5. HP: 21/41 MP: 1/5
  2753 | D:2      | Found a deep blue altar of Sif Muna.
  3082 | D:4      | Found a glowing drain.
  3160 | Sewer    | Entered a sewer
  3209 | Sewer    | Noticed Purgy
  3222 | Sewer    | Killed Purgy
  3222 | Sewer    | Reached skill level 6 in Axes
  3222 | Sewer    | Gained mutation: You are mostly covered in molten scales. (AC +3) [demonic ancestry]
  3222 | Sewer    | Reached XP level 6. HP: 46/47 MP: 6/6
  3272 | Sewer    | Got a translucent chain mail
  3280 | Sewer    | Got a bloodstained robe
  3291 | Sewer    | Identified the +1 robe "Dain" {rC+ Int+4} (You found it in a sewer)
  3301 | Sewer    | Identified the +1 chain mail of Pride {Int+4} (You found it in a sewer)
  3415 | D:4      | Found an iron altar of Okawaru.
  3440 | D:4      | Reached skill level 7 in Axes
  3442 | D:4      | Killed from afar by an orc priest

Skill      XL: |  1  2  3  4  5  6 |
---------------+-------------------+-----
Axes           | 3 4 5 6 7 |  7.0
Fighting       | |  3.0
Dodging        | |  2.6
Stealth        | |  1.7

Action                   |  1- 3 |  4- 6 || total
-------------------------+-------+-------++-------
Melee: Hand axe          |   112 |   107 ||   219
  Use: Potion            |     2 |     4 ||     6
       Scroll            |     2 |     6 ||     8
 Stab: Invisible         |     7 |     3 ||    10
       Sleeping          |     5 |     5 ||    10
  Eat: Chunk             |     2 |     6 ||     8
Armor: Robe              |    37 |    20 ||    57
       Troll leather arm |       |     5 ||     5
Dodge: Dodged            |   123 |    66 ||   189
